 Dungeon Crawl Stone Soup version 0.30.0-29-ga12c61a403 (webtiles) character file.

Game seed: 1170874628404784065

10990 uvd540 the Cleaver (level 11, -7/99 HPs)
             Began as a Minotaur Berserker on June 23, 2023.
             Was an Elder of Trog.
             Mangled by a titanic slime creature (54 damage)
             ... on level 10 of the Dungeon.
             The game lasted 00:46:56 (10255 turns).

uvd540 the Cleaver (Minotaur Berserker)            Turns: 10255, Time: 00:46:57

Health: -7/99      AC: 15    Str: 26    XL:     11   Next: 43%
Magic:  10/10      EV: 12    Int:  4    God:    Trog [****..]
Gold:   554        SH: 10    Dex: 10    Spells: 10/10 levels left

rFire   . . .        c - +4 war axe
rCold   . . .        x - +0 kite shield
rNeg    + . .        w - +0 pearl dragon scales
rPois   +            (helmet restricted)
rElec   .            (no cloak)
rCorr   .            l - +0 pair of gloves
SInv    .            (no boots)
Will    +++..        (no amulet) Stlth
                     R - ring of poison resistance
HPRegen 1.36/turn    K - ring of willpower
MPRegen 0.12/turn

%: no passive effects
@: strong-willed, regenerating
A: horns 2, retaliatory headbutt
a: Renounce Religion, Berserk, Trog's Hand, Brothers in Arms


You were on level 10 of the Dungeon.
You worshipped Trog.
Trog was greatly pleased with you.
You visited 1 branch of the dungeon, and saw 10 of its levels.
You also visited: Ossuary.

You collected 830 gold pieces.
You spent 276 gold pieces at shops.

Inventory:

Hand Weapons
 a - a +0 falchion
 c - a +4 war axe (weapon)
 z - a +2 dagger of draining
 C - a +3 long sword
 I - a +4 flail
 L - a +0 battleaxe
 M - the +1 dagger "Hanuhij" {flame, Str+5}
   (You found it on level 8 of the Dungeon)

   Str:       It affects your strength (+5).
 Q - a +2 long sword of holy wrath
Missiles
 n - 25 poisoned darts (quivered)
Armour
 b - a +0 animal skin
 k - a +0 leather armour
 l - a +0 pair of gloves (worn)
 m - a +0 buckler
 w - +0 pearl dragon scales (worn)
 x - a +0 kite shield (worn)
 S - +0 acid dragon scales
Jewellery
 d - a ring of positive energy
 K - a ring of willpower (right hand)
 R - a ring of poison resistance (left hand)
Wands
 p - a wand of light (13)
 t - a wand of paralysis (9)
 N - a wand of polymorph (3)
Scrolls
 e - 3 scrolls of fog
 h - a scroll of enchant armour {unknown}
 o - 2 scrolls of noise
 q - a scroll of amnesia {unknown}
 r - a scroll of immolation
 u - a scroll of teleportation
 v - a scroll of silence {unknown}
 y - 2 scrolls of magic mapping
 H - 2 scrolls of vulnerability
 J - a scroll of poison {unknown}
 P - 2 scrolls of identify
Potions
 f - a potion of ambrosia
 g - 7 potions of curing
 i - 2 potions of degeneration
 j - 2 potions of lignification
 s - 2 potions of might
 A - 2 potions of mutation
 B - 5 potions of brilliance
 D - 3 potions of flight
 E - a potion of haste
 F - a potion of resistance
 G - a potion of attraction
 O - a potion of heal wounds
Miscellaneous
 T - a condenser vane


   Skills:
 + Level 9.9 Fighting
 - Level 5.8 Long Blades
 * Level 11.4 Axes
 + Level 9.4 Armour
 + Level 8.6 Dodging
 + Level 8.8 Shields


You had 10 spell levels left.
You didn't know any spells.
Your spell library contained the following spells:

 Spells                   Type           Power      Damage    Failure   Level
 Gell's Gravitas          Tloc           0%         N/A       100%        3
 Teleport Other           Tloc           0%         N/A       100%        3
 Dispersal                Tloc           0%         N/A       100%        6


Dungeon Overview and Level Annotations

Branches:
Dungeon (10/15)            Temple (0/1) D:5            Lair (0/5) D:9
Ossuary (visited)
    Orc: D:9-12

Altars:
Ashenzari
Dithmenos
Elyvilon
Gozag
Nemelex Xobeh
Okawaru
Qazlal
Sif Muna
Trog
Wu Jian
Yredelemnul
Zin
The Shining One

Shops:
D:1 !


Innate Abilities, Weirdness & Mutations

You have a pair of horns on your head.
You reflexively headbutt those who attack you in melee.


Message History

Trog accepts your kill.
The acid dragon scales are intact enough to wear.
Things that are here:
+0 acid dragon scales; an acid dragon corpse
Okay, then.
Unknown command.
S - +0 acid dragon scales
Found a condenser vane.
You see here a condenser vane.
T - a condenser vane Cleave: c) +4 war axe
Press: ? - help, Dir - move target, f - you
Okay, then.
Okay, then.
You are no longer corroded.
Found a robe.
You see here a +0 robe.
Found a leather armour.
Found a stone staircase leading down.
You see here a +0 leather armour. 6 slime creatures come into view.
The slime creature quivers. x6
The slime creature moves out of view. x2
Two slime creatures merge to form a large slime creature.
Two slime creatures merge to form a very large slime creature.
Two slime creatures merge to form an enormous slime creature.
The enormous slime creature hits you!!
Two slime creatures merge to form a titanic slime creature.
You slash the titanic slime creature!
You headbutt the titanic slime creature!
The titanic slime creature is lightly wounded.
You hit the titanic slime creature but do no damage.
You headbutt the titanic slime creature!
The titanic slime creature is lightly wounded.
The titanic slime creature hits you!!
Your skin crawls.
You feel strong-willed. The titanic slime creature hits you!!!
Ouch! That really hurt!
You die...

....# #.........^.##
#.###
######.......##.... #.#
###
###...##...........##
#.# #..
..............###.## #.#
#.# #......#..........##
#.# #.#
.............###.## #.#
#.# .J.###.#.#### #.##
..####.# #J# #.#.. ....
....##.# #@####.## #.##
.......#########........
>.....................##
....###################
....# #####


You could see a titanic slime creature and a slime creature.

Vanquished Creatures
  Fannar (D:10)
  A two-headed ogre (D:10)
  Urug (D:10)
  3 death yaks (D:9)
  A troll (D:9)
  A hornet (D:9)
  Sigmund (D:5)
  A vampire (D:9)
  3 wyverns
  10 yaks
  A steam dragon (D:8)
  4 vampire mosquitoes (D:10)
  A swamp worm (D:9)
  Menkaure (D:7)
  An acid dragon (D:10)
  A water moccasin (D:5)
  3 sky beasts
  An ice beast (D:6)
  An ogre (D:6)
  5 centaurs
  2 bullfrogs
  A kobold brigand (D:9)
  4 scorpions
  13 wights
  15 killer bees
  3 howler monkeys (D:9)
  A quasit (D:7)
  4 hounds
  3 jellies
  An orc priest (D:8)
  Jessica (D:2)
  3 iguanas
  2 sleepcaps
  5 orc wizards
  2 hell rats (D:9)
  8 mummies (Ossuary)
  A gnoll (D:5)
  10 adders
  A river rat (D:9)
  2 shadow imps (D:7)
  3 white imps
  5 ufetubi
  A worm (D:5)
  28 orcs
  4 endoplasms
  8 giant cockroaches
  6 goblins
  9 hobgoblins
  16 jackals
  8 quokkas
  10 ball pythons
  6 bats
  A frilled lizard (D:2)
  A gnoll zombie (Ossuary)
  4 hobgoblin zombies (Ossuary)
  9 kobolds
  3 orc zombies (Ossuary)
  3 rats
249 creatures vanquished.

Vanquished Creatures (collateral kills)
  A hound (D:6)
1 creature vanquished.

Vanquished Creatures (others)
  A swamp worm (D:9)
1 creature vanquished.

Grand Total: 251 creatures vanquished

Notes
Turn   | Place    | Note
-------+----------+-------------------------------------------
     0 | D:1      | uvd540 the Minotaur Berserker began the quest for the Orb.
     0 | D:1      | Reached XP level 1. HP: 19/19 MP: 0/0
   112 | D:1      | Reached XP level 2. HP: 6/27 MP: 1/1
   466 | D:1      | Found Egoer's Distillery.
   474 | D:1      | Bought a potion of degeneration for 12 gold pieces
   474 | D:1      | Bought a potion of curing for 36 gold pieces
   993 | D:1      | Reached XP level 3. HP: 33/33 MP: 2/2
  1096 | D:2      | Noticed Jessica
  1105 | D:2      | Killed Jessica
  1105 | D:2      | Reached ** piety under Trog
  1138 | D:2      | Reached XP level 4. HP: 26/40 MP: 3/3
  1237 | D:2      | Reached skill level 1 in Shields
  2593 | D:3      | Reached XP level 5. HP: 38/47 MP: 4/4
  2827 | D:3      | Reached skill level 5 in Long Blades
  3000 | D:3      | Found a faded altar of an unknown god.
  3010 | D:3      | Reached *** piety under Trog
  3262 | D:4      | Reached XP level 6. HP: 27/55 MP: 5/5
  3271 | D:4      | Reached skill level 5 in Fighting
  3643 | D:4      | Noticed a sky beast
  3652 | D:4      | Killed a sky beast
  3653 | D:4      | Reached XP level 7. HP: 61/61 MP: 6/6
  3889 | D:4      | Found a glowing golden altar of the Shining One.
  4000 | D:4      | Reached skill level 1 in Axes
  4232 | D:5      | Entered Level 5 of the Dungeon
  4248 | D:5      | Found a stormy altar of Qazlal.
  4345 | D:5      | Found a staircase to the Ecumenical Temple.
  4426 | D:5      | Reached skill level 2 in Axes
  4428 | D:5      | Reached skill level 5 in Armour
  4482 | D:5      | Found a sand-covered staircase.
  4487 | Ossuary  | Entered an ossuary
  4693 | Ossuary  | Reached skill level 3 in Axes
  4875 | D:5      | Noticed Sigmund
  4886 | D:5      | Killed Sigmund
  4887 | D:5      | Reached XP level 8. HP: 70/70 MP: 7/7
  5110 | D:5      | Reached **** piety under Trog
  5113 | D:5      | Reached skill level 4 in Axes
  5125 | D:5      | Reached skill level 5 in Dodging
  5232 | D:5      | Reached skill level 5 in Axes
  5453 | D:1      | Bought a potion of resistance for 120 gold pieces
  5453 | D:1      | Bought 2 potions of flight for 72 gold pieces
  5453 | D:1      | Bought a potion of attraction for 36 gold pieces
  5644 | D:6      | Reached skill level 5 in Shields
  5781 | D:6      | Found an opulent altar of Gozag.
  5783 | D:6      | Reached skill level 6 in Axes
  5783 | D:6      | Reached XP level 9. HP: 74/79 MP: 8/8
  5797 | D:6      | Found a broken altar of Ashenzari.
  6395 | D:7      | Found an ornate altar of the Wu Jian Council.
  6429 | D:7      | Noticed Menkaure
  6453 | D:7      | Killed Menkaure
  6454 | D:7      | Reached skill level 7 in Axes
  7295 | D:8      | Identified the +1 dagger "Hanuhij" {flame, Str+5}
  7404 | D:8      | Found a white marble altar of Elyvilon.
  7420 | D:8      | Found a shadowy altar of Dithmenos.
  7441 | D:8      | Reached skill level 8 in Axes
  7587 | D:8      | Found an iron altar of Okawaru.
  7592 | D:8      | Found a basalt altar of Yredelemnul.
  7592 | D:8      | Found a glowing silver altar of Zin.
  7784 | D:9      | Reached XP level 10. HP: 88/88 MP: 9/9
  8119 | D:9      | Reached skill level 9 in Axes
  8126 | D:9      | Noticed a death yak
  8132 | D:9      | Noticed a death yak
  8138 | D:9      | Killed a death yak
  8145 | D:9      | Killed a death yak
  8158 | D:9      | Reached skill level 10 in Axes
  8218 | D:9      | Noticed a death yak
  8231 | D:9      | Killed a death yak
  8447 | D:9      | Found a staircase to the Lair.
  8488 | D:9      | Reached XP level 11. HP: 74/97 MP: 10/10
  9115 | D:9      | Found a sparkling altar of Nemelex Xobeh.
  9270 | D:10     | Entered Level 10 of the Dungeon
  9308 | D:10     | Noticed Urug
  9328 | D:10     | Killed Urug
  9477 | D:10     | Found a bloodstained altar of Trog.
  9479 | D:10     | Noticed Fannar
  9500 | D:10     | Killed Fannar
  9501 | D:10     | Reached skill level 11 in Axes
  9840 | D:10     | Noticed a two-headed ogre
  9849 | D:10     | Killed a two-headed ogre
 10056 | D:10     | Found a shimmering blue altar of Sif Muna.
 10255 | D:10     | Mangled by a titanic slime creature

Illustrated notes

Levels and vault maps discovered:
D:1:      erik_arrival_cave_to_civilisation [erik_arrival_cave_to_hall],
          layout_loops_ring, serial_shops, shop
D:2:      layout_basic, columned_hall_lemuel, uniq_jessica
D:3:      layout_loops_cross, basic_ecumenical_altar, gup_sewer_entry_bowl,
          grunt_decor_one_mirror, hangedman_feature_mirror
D:4:      layout_basic, kennysheep_little_box, chequers_serial_rivers_small_3
D:5:      cheibrodos_barr_body, layout_rooms, grunt_qazlal_sundering,
          minmay_temple_entry_drinking_statues, enter_ossuary_2, uniq_sigmund
D:6:      layout_cave_pools, grunt_temple_overflow_open
D:7:      layout_gridville, kennysheep_mini_moat, serial_demonic,
          serial_demonic_d, serial_demonic_b, serial_demonic_e,
          serial_demonic_a, uniq_menkaure
D:8:      layout_cave_pools, gammafunk_temple_overflow_forgotten,
          nicolae_overflow_hidden_temple
D:9:      wander_river, layout_cave_pools, marbit_many_paths,
          dpeg_lair_monsters, serial_co_window_serial, co_window_paths_a,
          co_window_paths_b, co_window_corner_a, co_window_paths_a,
          co_window_paths_a, co_window_corner_cb, co_window_of_opportunity_b,
          co_window_cross_4, co_window_broadway_b, glass_columns_b,
          glass_columns_b, glass_columns_b, glass_columns_c, worms_lemuel
D:10:     layout_loops_ring, mainiacjoe_overflow_six_doors_small,
          lemuel_tele_altar, uniq_urug, uniq_fannar

Skill      XL: |  1  2  3  4  5  6  7  8  9 10 11 |
---------------+----------------------------------+-----
Fighting       | 4 5 6 7 8 9 |  9.9
Long Blades    | 4 5 |  5.8
Armour         | 3 4 5 6 7 8 9 |  9.4
Dodging        | 3 4 5 6 8 |  8.6
Shields        | 1 2 3 4 5 6 8 |  8.8
Axes           | 3 6 8 10 11 | 11.4

Action                     |  1- 3 |  4- 6 |  7- 9 | 10-12 || total
---------------------------+-------+-------+-------+-------++-------
  Melee: Falchion          |    76 |   221 |       |       ||   297
         Headbutt          |     5 |    21 |    50 |    25 ||   101
         War axe           |       |       |   259 |   166 ||   425
  Throw: Dart              |     3 |       |    20 |     9 ||    32
 Invoke: Berserk           |     1 |     3 |     5 |     6 ||    15
         Trog's Hand       |       |       |     2 |     3 ||     5
         Brothers in Arms  |       |       |     1 |       ||     1
    Use: Scroll            |       |     3 |    11 |     1 ||    15
         Potion            |       |     4 |     5 |     1 ||    10
 Armour: Animal skin       |     9 |       |       |       ||     9
         Leather armour    |    21 |    16 |       |       ||    37
         Pearl dragon scal |       |    87 |   132 |    82 ||   301
  Dodge: Dodged            |    66 |   125 |   128 |    83 ||   402
  Block: Buckler           |     5 |    13 |       |       ||    18
         Kite shield       |       |    67 |   114 |    92 ||   273
